 Dungeon Crawl Stone Soup version 0.28.0-53-g5a82cb258f (webtiles) character file.

Game seed: 2656295929128748419

61 safid the Skirmisher (level 4, -1/40 HPs)
             Began as a Hill Orc Fighter on Aug 22, 2022.
             Killed from afar by Ijyb (2 damage)
             ... with a puff of flame
             ... on level 3 of the Dungeon.
             The game lasted 00:02:35 (2249 turns).

safid the Skirmisher (Hill Orc Fighter)             Turns: 2249, Time: 00:02:35

Health: -1/40      AC:  9    Str: 20    XL:     4   Next: 7%
Magic:  4/4        EV:  7    Int:  8    God:
Gold:   95         SH:  4    Dex: 10    Spells: 3/3 levels left

rFire   . . .      SeeInvis .   a - +0 war axe
rCold   . . .      Faith    .   c - +0 buckler
rNeg    + . .      Spirit   .   j - +0 chain mail
rPois   .          Reflect  .   (no helmet)
rElec   .          Harm     .   (no cloak)
rCorr   .          Rampage  .   (no gloves)
Will    .....                   (no boots)
Stlth   ..........              (no amulet)
HPRegen 0.13/turn               g - ring of positive energy
MPRegen 0.09/turn               (no ring)

@: lethally poisoned (-1 -> -7)
A: no striking features
a: no special abilities


You were on level 3 of the Dungeon.
You visited 1 branch of the dungeon, and saw 3 of its levels.

You collected 95 gold pieces.

Inventory:

Hand Weapons
 a - a +0 war axe (weapon)
Missiles
 f - 5 poisoned darts (quivered)
Armour
 b - a +0 scale mail
 c - a +0 buckler (worn)
 j - a +0 chain mail (worn)
Jewellery
 g - a ring of positive energy (left hand)
Scrolls
 h - a scroll of noise {unknown}
 k - a scroll of immolation {unknown}
 m - a scroll of amnesia {unknown}
Potions
 d - a potion of might
 e - 2 potions of flight {unknown}
 i - a potion of heal wounds {unknown}
 l - a potion of brilliance {unknown}
 n - a potion of curing {unknown}


   Skills:
 - Level 4.0 Fighting
 + Level 3.8 Axes
 + Level 3.9 Armour
 - Level 4.0 Shields


You had 3 spell levels left.
You didn't know any spells.
Your spell library contained the following spells:

 Spells                   Type           Power      Damage    Failure   Level
 Corpse Rot               Necr/Air       0%         N/A       100%        2
 Poisonous Vapours        Pois/Air       0%         N/A       100%        2


Dungeon Overview and Level Annotations

Branches:
Dungeon (3/15)

Altars:

Annotations:
D:3 Ijyb


Message History

Ijyb hits you but does no damage.
Unknown command.
You hit Ijyb but do no damage.
Ijyb is heavily wounded.
You closely miss the adder.
You feel sick. The adder bites you but does no damage.
Ijyb zaps a wand.
The puff of flame hits you.
An adder comes into view.
The adder bites you.
Ijyb zaps a wand.
The puff of flame hits you!
* * * LOW HITPOINT WARNING * * *
You closely miss Ijyb.
Ijyb is heavily wounded.
The adder hisses angrily.
You hit the adder.
You feel sick. The adder bites you but does no damage. The adder bites you.
* * * LOW HITPOINT WARNING * * *
You are more poisoned.
The adder poisons you! Ijyb hits you but does no damage.
You hit Ijyb but do no damage.
Ijyb is heavily wounded.
You hit the adder.
You feel sick. You block the adder's attack. You block Ijyb's attack.
The adder bites you but does no damage.
Unknown command.
You slash Ijyb!
Ijyb is severely wounded.
You closely miss the adder.
You feel sick. Ijyb hits you with a +0 club.
* * * LOW HITPOINT WARNING * * *
The adder bites you.
* * * LOW HITPOINT WARNING * * *
You are lethally poisoned!
The adder poisons you!
You closely miss the adder.
The adder is heavily wounded.
You hit the adder. You hit Ijyb but do no damage.
* * * LOW HITPOINT WARNING * * *
You feel sick. The adder bites you.
* * * LOW HITPOINT WARNING * * *
The adder bites you but does no damage.
Ijyb zaps a wand.
The puff of flame hits you.
You die...

####
....########
...........#
......(....#
......S....#
....).S@..<#
......g##.)..#
....... #.####
....... ..#
.?.........
...........
.......##..#
....... ..#.


You could see Ijyb and 2 adders.

Vanquished Creatures
  An adder (D:2)
  2 worms (D:2)
  2 dart slugs
  2 ball pythons
  2 endoplasms
  2 giant cockroaches
  4 goblins
  3 hobgoblins (D:1)
  2 jackals (D:1)
  3 quokkas (D:1)
  5 bats
  4 frilled lizards
  3 kobolds (D:1)
  6 rats
41 creatures vanquished.

Notes
Turn   | Place    | Note
-------+----------+-------------------------------------------
     0 | D:1      | safid the Hill Orc Fighter began the quest for the Orb.
     0 | D:1      | Reached XP level 1. HP: 19/19 MP: 1/1
    76 | D:1      | Reached XP level 2. HP: 22/27 MP: 2/2
   506 | D:1      | Reached XP level 3. HP: 33/33 MP: 3/3
   957 | D:1      | Found a faded altar of an unknown god.
  2108 | D:2      | Reached XP level 4. HP: 36/40 MP: 4/4
  2234 | D:3      | Noticed Ijyb
  2249 | D:3      | HP: 1/40 [adder (2)]
  2249 | D:3      | Killed from afar by Ijyb

Illustrated notes

Levels and vault maps discovered:
D:1:      dpeg_arrival_court, layout_loops_ring,
          shapermc_ecumenical_altar_petra, serial_forest,
          infiniplex_forest_clump_diagonal, infiniplex_forest_end_2,
          infiniplex_forest_corner_1, infiniplex_forest_clump_tiny,
          infiniplex_forest_end_2
D:2:      layout_loops_cross
D:3:      layout_rooms, portal_sewer_entry_f, minivault_27, uniq_grinder,
          uniq_ijyb

Skill      XL: |  1  2  3  4 |
---------------+-------------+-----
Axes           | 3 |  3.8
Fighting       | 4 |  4.0
Shields        | 4 |  4.0
Armour         | |  3.9

Action                   |  1- 3 |  4- 6 || total
-------------------------+-------+-------++-------
Melee: War axe           |   132 |    17 ||   149
Armor: Scale mail        |    19 |       ||    19
       Chain mail        |    52 |    16 ||    68
Dodge: Dodged            |    49 |    10 ||    59
Block: Buckler           |    27 |     4 ||    31
